 Dungeon Crawl Stone Soup version 0.31-a0-1002-g8e65716e6e (webtiles) character file.

Game seed: 9297776708737709023

251 Jannitor the Sneak (level 6, -5/127 HPs)
             Began as a Naga Delver on Nov 9, 2023.
             Was an Initiate of Cheibriados.
             Slain by Prince Ribbit (9 damage)
             ... on level 4 of the Dungeon.
             The game lasted 00:06:48 (3732 turns).

Jannitor the Sneak (Naga Delver)                    Turns: 3732, Time: 00:06:49

Health: -5/127     AC: 23    Str: 15    XL:     6   Next: 13%
Magic:  6/6        EV:  1    Int: 12    God:    Cheibriados [......]
Gold:   157        SH:  0    Dex: 15    Spells: 5/5 levels left

rFire   . . .        a - +0 mace
rCold   . . .        (no shield)
rNeg    . . .        h - melded +0 ring mail
rPois   +            (helmet currently unavailable)
rElec   .            (cloak currently unavailable)
rCorr   .            s - melded +1 pair of gloves
SInv    +            (no barding)
Will    +....        (no amulet) Stlth
                     (no ring)
HPRegen 0.41/turn    (no ring)
MPRegen 0.10/turn

%: no passive effects
@: berserking, short of breath, tree-form, attractive, enlightened, very slow
A: stationary, stasis, torment immunity, boosted hp, AC +2, large, see
invisible, (deformed body), (poison resistance), (slowness 2), spit poison 1,
(naga tail 1)
a: Spit Poison, Renounce Religion


You were on level 4 of the Dungeon.
You worshipped Cheibriados.
Cheibriados was noncommittal.
You were a tree.
You visited 2 branches of the dungeon, and saw 6 of its levels.

You collected 157 gold pieces.

Inventory:

Hand Weapons
 a - a +0 mace (weapon)
Armour
 b - a +0 leather armour
 h - a +0 ring mail (melded)
 s - a +1 pair of gloves (melded)
Jewellery
 q - a ring of ice
Talismans
 k - a flux talisman
Wands
 g - a wand of digging (2)
Scrolls
 c - a scroll of fog
 d - a scroll of revelation
 m - a scroll of immolation
 u - a scroll of torment {unknown}


   Skills:
 + Level 4.0 Fighting
 - Level 2.1 Maces & Flails
 + Level 1.4 Armour
 + Level 2.6 Dodging
 - Level 7.6 Stealth
 + Level 2.2 Unarmed Combat
 + Level 2.0 Shapeshifting


You had 5 spell levels left.
You didn't know any spells.
Your spell library contained the following spells:

 Spells                   Type           Power      Damage    Failure   Level
 Sandblast                Erth           0%         2d4       32%         1
 Lesser Beckoning         Tloc           0%         N/A       45%         2
 Passwall                 Tmut/Erth      0%         N/A       45%         2
 Gell's Gravitas          Tloc           0%         N/A       69%         3
 Stone Arrow              Conj/Erth      0%         3d7       69%         3
 Teleport Other           Tloc           0%         N/A       69%         3
 Brom's Barrelling Bould  Conj/Erth      0%         2d3       97%         4


Dungeon Overview and Level Annotations

Branches:
Dungeon (5/15)             Temple (1/1) D:4

Altars:
Cheibriados
Dithmenos
Elyvilon
Fedhas
Gozag
Hepliaklqana
Kikubaaqudgha
Makhleb
Nemelex Xobeh
Uskayaw
Vehumet
Wu Jian
Xom
Yredelemnul
Zin

Annotations:
D:3 1 runed translucent door, dragonmu's ghost, amateur HuBe
D:4 Prince Ribbit


Innate Abilities, Weirdness & Mutations

You are a tree.
Your roots penetrate the ground, keeping you stationary.
You cannot be teleported.
You are immune to unholy pain and torment.
Your maximum health is greatly increased.
Your equipment is partially melded.
((Your serpentine skin is tough. (AC +2)))
You have supernaturally acute eyesight. (SInv)
((Armour fits poorly on your strangely shaped body.))
((Your system is resistant to poisons. (rPois)))
((You cover ground very slowly.))
You can spit poison.
((You have a snake-like lower body.))


Message History

Prince Ribbit attacks as he pursues you!
Prince Ribbit hits you! x2
* * * LOW HITPOINT WARNING * * *
Prince Ribbit blinks!
Unknown command.
It was a potion of attraction.
You feel attractive to monsters. Prince Ribbit is attracted toward you.
It was a potion of curing.
You feel better.
You feel less invigorated.
You have got your breath back.
Prince Ribbit closely misses you.
Okay, then.
Unknown command.
Aiming: Spit Poison (1% risk of failure)
Press: ? - help, Shift-Dir - straight line, f - Prince Ribbit
Aim: Prince Ribbit (34% to hit)
The splash of poison misses Prince Ribbit.
Prince Ribbit hits you!
* * * LOW HITPOINT WARNING * * *
Prince Ribbit hits you.
* * * LOW HITPOINT WARNING * * *
It was a potion of lignification.
You turn into a tree.
Your +1 pair of gloves melds into your body.
Your +0 ring mail melds into your body.
Your roots penetrate the ground.
Prince Ribbit hits you!
* * * LOW HITPOINT WARNING * * *
Okay, then.
Unknown command.
It was a potion of berserk rage.
A red film seems to cover your vision as you go berserk!
Cheibriados protects you from inadvertent hurry.
You feel mighty! Prince Ribbit hits you.
* * * LOW HITPOINT WARNING * * *
Prince Ribbit hits you but does no damage.
You barely miss Prince Ribbit. Prince Ribbit hits you.
* * * LOW HITPOINT WARNING * * *
You miss Prince Ribbit.
Prince Ribbit blinks!
Prince Ribbit is attracted toward you.
You closely miss Prince Ribbit. Prince Ribbit hits you!
You die...

#.. ....# #.# #.# #.#.#
##### ... ..# #.# #.#.#
#... ... ### #.#
#.#.###.###..... #.#
#...........##.# #.#
###.###.######.# #.#
#.# #.# #.#
#.#####.###.######.#
#............§F♣.>)#
####.####..#######.#
#.# #..#######[###
#.####..#.....#.#.#####
#.##......# #.#........
#.##.#..#.# #.....#####
#.......#.###....##
#######.##.#.........#
#.......##..........##


You could see Prince Ribbit.

Vanquished Creatures
  2 scorpions (D:3)
  Robin (D:4)
  A gnoll (D:1)
  5 adders
  2 worms (D:3)
  A dart slug (D:4)
  2 orcs (D:4)
  5 ball pythons (D:2)
  A bat (D:1)
  4 endoplasms
  2 giant cockroaches (D:2)
  11 goblins
  5 hobgoblins
  3 jackals (D:2)
  2 quokkas
  2 frilled lizards
  3 kobolds
  3 rats
55 creatures vanquished.

Notes
Turn   | Place    | Note
-------+----------+-------------------------------------------
     0 | D:5      | Jannitor the Naga Delver began the quest for the Orb.
     0 | D:5      | Reached XP level 1. HP: 21/21 MP: 1/1
   561 | D:1      | Reached XP level 2. HP: 28/28 MP: 2/2
  1106 | D:2      | Found a white marble altar of Elyvilon.
  1228 | D:2      | Reached XP level 3. HP: 27/34 MP: 3/3
  1341 | D:2      | Reached skill level 1 in Unarmed Combat
  1781 | D:2      | Reached skill level 1 in Shapeshifting
  1899 | D:2      | Reached XP level 4. HP: 25/42 MP: 4/4
  2290 | D:3      | Noticed a scorpion
  2309 | D:3      | Killed a scorpion
  2310 | D:3      | Reached XP level 5. HP: 25/50 MP: 5/5
  2441 | D:3      | Reached skill level 1 in Armour
  3104 | D:3      | Found a runed translucent door.
  3104 | D:3      | Noticed dragonmu's ghost (amateur HuBe)
  3154 | D:4      | Noticed Robin
  3193 | D:4      | Reached XP level 6. HP: 45/57 MP: 6/6
  3209 | D:4      | Killed Robin
  3398 | D:4      | Noticed a water moccasin
  3460 | D:4      | Found a staircase to the Ecumenical Temple.
  3467 | Temple   | Entered the Ecumenical Temple
  3505 | Temple   | Became a worshipper of Cheibriados the Contemplative
  3589 | D:5      | Found a basalt altar of Yredelemnul.
  3589 | D:5      | Found an ornate altar of the Wu Jian Council.
  3589 | D:5      | Found a hazy altar of Hepliaklqana.
  3593 | D:5      | Noticed Prince Ribbit
  3730 | D:4      | HP: 3/127 [Prince Ribbit (5)]
  3732 | D:4      | Slain by Prince Ribbit

Illustrated notes

Levels and vault maps discovered:
D:1:      roderic_dead_forest, layout_basic
D:2:      layout_basic, basic_altar
D:3:      layout_loops_cross, gammafunk_ghost_grave, minivault_23
D:4:      layout_loops_corners, minmay_temple_entry_hall, gup_sewer_entry_bowl,
          minmay_misc_feat_rugged, grunt_decor_cap, uniq_robin
D:5:      layout_cave_pools, grunt_temple_overflow_open, lightli_temple_of_fire,
          uniq_ijyb, uniq_prince_ribbit1
Temple:   nicolae_temple_bog_church

Skill      XL: |  1  2  3  4  5  6 |
---------------+-------------------+-----
Unarmed Combat | 1 2 |  2.2
Dodging        | 2 |  2.6
Shapeshifting  | 1 2 |  2.0
Armour         | 1 |  1.4
Fighting       | 4 |  4.0
Maces & Flails | |  2.1
Stealth        | |  7.6

Action                     |  1- 3 |  4- 6 || total
---------------------------+-------+-------++-------
  Melee: Mace              |    86 |   113 ||   199
         Punch             |       |     1 ||     1
Ability: Spit Poison       |     6 |    16 ||    22
  Evoke: Wand              |       |     1 ||     1
    Use: Scroll            |     1 |     5 ||     6
         Potion            |       |     8 ||     8
   Stab: Sleeping          |     4 |     4 ||     8
 Armour: Ring mail         |    81 |   117 ||   198
         Leather armour    |     3 |       ||     3
         Skin              |       |     5 ||     5
  Dodge: Dodged            |    51 |    46 ||    97

Table legend: (Time is in decaauts)
 A = Elapsed time spent in this place.
 B = Non-inter-level travel time spent in this place.
 C = Inter-level travel time spent in this place.
 D = Time resting spent in this place.
 E = Time spent auto-exploring this place.
 F = Levels seen in this place.
 G = Mean time per level.
                   A        B        C        D        E       F      G
               +--------+--------+--------+--------+--------+-----+--------+
         Total |   4806 |   4588 |    218 |    812 |   2915 |   6 |  801.0 |
       Dungeon |   4719 |   4535 |    184 |    812 |   2915 |   5 |  943.8 |
        Temple |     87 |     54 |     33 |      0 |      0 |   1 |   87.0 |
               +--------+--------+--------+--------+--------+-----+--------+

Top non-repeatable levels by time:
     D:2: 1564 daAuts
     D:1: 1264 daAuts
     D:3: 1155 daAuts
     D:4: 722 daAuts
  Temple: 87 daAuts
     D:5: 12 daAuts
